 Dungeon Crawl Stone Soup version 0.21-a0-238-geb0acef (webtiles) character file.

8840 Pippin the Spear-Bearer (level 11, -4/81 HPs)
             Began as a Human Wanderer on Sept 2, 2017.
             Was an Elder of Okawaru.
             Slain by a vampire (9 damage)
             ... on level 8 of the Dungeon.
             The game lasted 00:49:18 (17815 turns).

Pippin the Spear-Bearer (Human Wanderer)           Turns: 17815, Time: 00:49:19

Health: -4/81      AC:  6    Str: 14    XL:     11   Next: 63%
Magic:  14/15      EV: 17    Int: 15    God:    Okawaru [****..]
Gold:   414        SH:  0    Dex: 13    Spells: 7/14 levels left

rFire    . . .     SeeInvis .   r - +1 trident
rCold    . . .     Gourm    .   (no shield)
rNeg     . . .     Faith    .   M - +0 troll leather armour
rPois    .         Spirit   .   (helmet restricted)
rElec    .         Reflect  .   x - +0 cloak
rCorr    .         Harm     .   (no gloves)
MR       .....     Rnd*Tele +   (no boots)
Stlth    ++++......             k - amulet of rage
HPRegen  0.63/turn              c - ring of wizardry
MPRegen  0.14/turn              (no ring)

@: agile, very slightly contaminated
A: horns 1, rugged brown scales 1, clumsy 2, high mp 1, teleportitis 1
a: Heroism, Renounce Religion, Evoke Berserk Rage


You were on level 8 of the Dungeon.
You worshipped Okawaru.
Okawaru was greatly pleased with you.
You were very full.

You visited 2 branches of the dungeon, and saw 11 of its levels.
You also visited: Ossuary.

You collected 414 gold pieces.

Inventory:

Hand Weapons
 r - a +1 trident (weapon)
 O - a +2 halberd of distortion
Armour
 d - a +1 leather armour of fire resistance
 q - a +2 helmet of see invisible
 t - a +2 leather armour of cold resistance
 x - a +0 cloak (worn)
 M - a +0 troll leather armour (worn)
Jewellery
 c - a ring of wizardry (left hand)
 k - an amulet of rage (around neck)
Wands
 a - a wand of random effects (13/48)
 g - a wand of polymorph (15/24)
 s - a wand of confusion (30/48)
 y - a wand of clouds (4/9)
 D - a wand of iceblast (10/15)
 G - a wand of confusion (31/48)
 J - a wand of disintegration (5/24)
 K - a wand of acid (0/15)
 L - a wand of disintegration (4/24)
 N - a wand of lightning (5/15)
Scrolls
 b - 3 scrolls of enchant armour
 e - 6 scrolls of teleportation
 i - a scroll of fear
 l - 4 scrolls of amnesia
 n - 3 scrolls of enchant weapon
 p - 4 scrolls of recharging
 w - a scroll of identify
 z - a scroll of magic mapping {unknown}
 B - 3 scrolls of blinking
Potions
 h - a potion of invisibility {unknown}
 j - a potion of curing
 u - a potion of brilliance {unknown}
 v - 2 potions of magic
 C - 3 potions of agility
 E - 2 potions of flight {unknown}
 F - a potion of haste {unknown}
 H - 2 potions of mutation {unknown}
Comestibles
 f - 7 bread rations
 m - 4 royal jellies
 o - 2 meat rations


   Skills:
 - Level 5.0 Fighting
 + Level 11.5 Polearms
 - Level 2.0 Throwing
 - Level 2.0 Dodging
 - Level 6.0 Stealth
 - Level 2.1 Spellcasting
 - Level 8.1 Hexes
 - Level 6.1 Charms
 - Level 2.0 Necromancy
   Level 2.0 Translocations


You had 7 spell levels left.
You knew the following spells:

 Your Spells              Type           Power        Failure   Level  Hunger
a - Spectral Weapon       Hex/Chrm       ###.....     1%          3    ###....
b - Regeneration          Chrm/Necr      ##........   6%          3    ###....
c - Animate Skeleton      Necr           N/A          4%          1    #......


Dungeon Overview and Level Annotations

Branches:
Dungeon (10/15)            Temple (1/1) D:5            Lair (0/6) D:9
    Orc: D:9-12

Altars:
Ashenzari
Cheibriados
Dithmenos
Elyvilon
Fedhas
Gozag
Hepliaklqana
Kikubaaqudgha
Makhleb
Nemelex Xobeh
Okawaru
Qazlal
Ru
Sif Muna
Trog
Vehumet
Wu Jian
Xom
Yredelemnul
Zin
The Shining One


Innate Abilities, Weirdness & Mutations

You have a pair of small horns on your head.
You are partially covered in rugged brown scales. (AC +1, +3% HP)
You are very clumsy. (Dex -4)
You have an increased reservoir of magic. (+10% MP)
You are occasionally teleported next to monsters.


Message History

Something tries to affect you, but you resist.
Okay, then.
Unknown command.
Blink to where?
Press: ? - help, Dir - move target cursor You are very lightly contaminated with residual magic.
As you read the scroll of blinking, it crumbles to dust.
You hear some strange, mumbled words.
Something tries to affect you, but you resist.
There is a stone staircase leading up here.
Something hits you!
* * * LOW HITPOINT WARNING * * *
Something barely misses you.
You climb upwards.
There is a stone staircase leading down here.
Something hits you but does no damage. Something bites you.
* * * LOW HITPOINT WARNING * * *
Something draws strength from your injuries!
Something hits you!
You die...

###..###.....#
##............
######..#.....##
##..#..........
#............##
##..##.........#
............##
##..####........#
............# ##..##
#.......##
....).......####..##
##.....##
.............#...## ##..###
................#### ####
.......).......=@..###
.............###..>..#######
..........)..#
####........###
............##
##.)[.........#
.........##.#
#...<.........##
##########).#
#...........)..### #)##
#................# ##.#
##................ #.####
#.............##.


There were no monsters in sight!

Vanquished Creatures
  2 two-headed ogres
  Erica (D:8)
  Joseph (D:7)
  A troll (D:7)
  Prince Ribbit (D:7)
  A wyvern (D:9)
  8 yaks (D:9)
  Edmund (D:6)
  3 sky beasts
  A black bear (D:7)
  An ice beast (D:6)
  An eye of draining (D:8)
  3 orc warriors
  A phantom (D:9)
  5 ogres
  7 centaurs
  Blork the orc (D:5)
  A big kobold (D:9)
  5 bullfrogs
  A gnoll sergeant (D:6)
  A water moccasin zombie (D:9)
  A wyvern skeleton (D:10)
  2 scorpions
  A killer bee (D:9)
  7 wights (D:8)
  4 howler monkeys
  3 crimson imps
  2 bullfrog zombies
  A quasit (D:8)
  2 bullfrog skeletons
  A centaur zombie (D:5)
  4 hounds
  2 jellies
  7 orc priests
  Ijyb (D:5)
  2 centaur skeletons (D:9)
  Crazy Yiuf (D:5)
  2 iguanas
  5 orc wizards
  Terence (D:2)
  Natasha (thrice) (D:4)
  4 worker ants
  2 hound skeletons
  12 mummies (Ossuary)
  A howler monkey zombie (D:6)
  5 gnolls (D:6)
  A howler monkey skeleton (D:9)
  14 adders
  A shadow imp (D:6)
  2 adder zombies
  2 adder skeletons
  2 worms
  A dart slug (D:3)
  7 leopard geckos
  47 orcs
  2 ball pythons
  6 giant cockroaches
  7 goblins
  6 hobgoblins
  10 jackals
  6 quokkas
  3 bats
  7 frilled lizards
  2 gnoll zombies (D:5)
  4 goblin skeletons (Ossuary)
  10 kobolds
  3 kobold skeletons (Ossuary)
  An orc skeleton (Ossuary)
  A quokka skeleton (D:5)
  12 rats
  11 rat skeletons (Ossuary)
291 creatures vanquished.

Vanquished Creatures (others)
  7 spectral weapons
7 creatures vanquished.

Grand Total: 298 creatures vanquished

Notes
Turn   | Place    | Note
-------+----------+-------------------------------------------
     0 | D:1      | Pippin the Human Wanderer began the quest for the Orb.
     0 | D:1      | Pippin set off with: a +2 spear, a potion of lignification, Qumuisey's Incunabulum of Talismans, a +0 robe, a bread ration
     0 | D:1      | Reached XP level 1. HP: 16/16 MP: 2/2
     0 | D:1      | Identified Qumuisey's Incunabulum of Talismans
    89 | D:1      | Reached skill level 1 in Polearms
    99 | D:1      | Reached XP level 2. HP: 10/22 MP: 3/3
   609 | D:1      | Reached skill level 2 in Polearms
  1472 | D:2      | Reached XP level 3. HP: 27/27 MP: 4/4
  1640 | D:2      | Noticed Terence
  1646 | D:2      | Learned a level 3 spell: Spectral Weapon
  1663 | D:2      | Killed Terence
  1663 | D:2      | Reached skill level 3 in Polearms
  1663 | D:2      | Reached XP level 4. HP: 17/33 MP: 2/5
  2207 | D:2      | Reached skill level 4 in Polearms
  2653 | D:2      | Reached XP level 5. HP: 31/38 MP: 6/6
  3133 | D:2      | Reached skill level 1 in Charms
  3670 | D:3      | Found a radiant altar of Vehumet.
  3835 | D:3      | Reached XP level 6. HP: 25/44 MP: 1/7
  4340 | D:3      | Found a radiant altar of Vehumet.
  4690 | D:4      | Noticed Natasha
  4707 | D:4      | Killed Natasha
  4992 | D:4      | Noticed Natasha
  5001 | D:4      | Killed Natasha
  5001 | D:4      | Reached skill level 1 in Hexes
  5327 | D:4      | Reached XP level 7. HP: 43/50 MP: 8/8
  5377 | D:4      | Noticed Natasha
  5396 | D:4      | Killed Natasha
  5522 | D:4      | Found a glowing golden altar of the Shining One.
  5976 | D:4      | Found a glowing golden altar of the Shining One.
  6624 | D:5      | Entered Level 5 of the Dungeon
  6654 | D:5      | Learned a level 3 spell: Regeneration
  6685 | D:5      | Found a staircase to the Ecumenical Temple.
  6689 | Temple   | Entered the Ecumenical Temple
  6918 | D:5      | Reached XP level 8. HP: 46/56 MP: 7/11
  6940 | D:5      | You fall through a shaft for 2 floors!
  6955 | D:7      | Reached skill level 5 in Polearms
  6975 | D:7      | Noticed Prince Ribbit
  6995 | D:7      | Killed Prince Ribbit
  6995 | D:7      | Reached skill level 6 in Polearms
  7148 | D:7      | Found an iron altar of Okawaru.
  7156 | D:7      | Noticed Joseph
  7158 | D:7      | Became a worshipper of Warmaster Okawaru
  7180 | D:7      | Killed Joseph
  7180 | D:7      | Reached skill level 7 in Polearms
  7256 | D:7      | Found a sand-covered staircase.
  7259 | Ossuary  | Entered an ossuary
  7726 | Ossuary  | Reached XP level 9. HP: 45/61 MP: 9/12
  7733 | Ossuary  | Reached skill level 8 in Polearms
  7966 | D:7      | Found a shadowy altar of Dithmenos.
  8194 | D:7      | Reached * piety under Okawaru
  8511 | D:7      | Reached skill level 5 in Fighting
  9157 | D:6      | Found a hazy altar of Hepliaklqana.
  9226 | D:6      | Found a snail-covered altar of Cheibriados.
  9306 | D:6      | Gained mutation: You are occasionally teleported next to monsters. [mutagenic meat]
  9307 | D:6      | Gained mutation: You have a pair of small horns on your head. [mutagenic meat]
  9308 | D:6      | Gained mutation: You are resistant to electric shocks. (rElec) [mutagenic meat]
  9309 | D:6      | Gained mutation: You have an increased reservoir of magic. (+10% MP) [mutagenic meat]
  9466 | D:6      | Reached skill level 5 in Stealth
  9495 | D:6      | Noticed Edmund
  9529 | D:6      | Killed Edmund
  9529 | D:6      | Reached ** piety under Okawaru
  9547 | D:6      | Found a stormy altar of Qazlal.
  9547 | D:6      | Found a glowing silver altar of Zin.
  9555 | D:6      | Learned a level 1 spell: Animate Skeleton
  9926 | D:6      | Found a hazy altar of Hepliaklqana.
  9981 | D:6      | Found a snail-covered altar of Cheibriados.
 10174 | D:6      | Found a glowing silver altar of Zin.
 10174 | D:6      | Found a stormy altar of Qazlal.
 10541 | D:5      | Found a basalt altar of Yredelemnul.
 10677 | D:5      | Noticed Blork the orc
 10688 | D:5      | Killed Blork the orc
 10688 | D:5      | Reached skill level 1 in Necromancy
 10879 | D:5      | Noticed Ijyb
 10894 | D:5      | Reached XP level 10. HP: 30/74 MP: 10/14
 10902 | D:5      | Killed Ijyb
 11392 | D:5      | Found a runed door.
 11971 | D:5      | Noticed Crazy Yiuf
 11980 | D:5      | Killed Crazy Yiuf
 11980 | D:5      | Reached skill level 5 in Hexes
 12017 | D:5      | Found a staircase to the Ecumenical Temple.
 12397 | D:5      | Found a basalt altar of Yredelemnul.
 12890 | D:7      | Found an iron altar of Okawaru.
 12991 | D:7      | Found a shadowy altar of Dithmenos.
 13531 | D:8      | Noticed a two-headed ogre
 13558 | D:7      | Killed a two-headed ogre
 13794 | D:8      | Noticed Erica
 13805 | D:8      | Killed Erica
 13805 | D:8      | Reached *** piety under Okawaru
 14129 | D:8      | Reached XP level 11. HP: 78/79 MP: 12/15
 14133 | D:8      | Gained mutation: You are clumsy. (Dex -2) [mutagenic meat]
 14134 | D:8      | Gained mutation: You expend magic power (3 MP) to strengthen your wands. [mutagenic meat]
 14135 | D:8      | Lost mutation: You expend magic power (3 MP) to strengthen your wands. [mutagenic meat]
 14136 | D:8      | Lost mutation: You are resistant to electric shocks. (rElec) [mutagenic meat]
 14137 | D:8      | Gained mutation: You are partially covered in rugged brown scales. (AC +1, +3% HP) [mutagenic meat]
 14138 | D:8      | Gained mutation: You are very clumsy. (Dex -4) [mutagenic meat]
 15094 | D:9      | Reached skill level 9 in Polearms
 15161 | D:9      | Received a gift from Okawaru
 15367 | D:9      | Noticed a two-headed ogre
 15375 | D:9      | Killed a two-headed ogre
 15375 | D:9      | Reached skill level 10 in Polearms
 15907 | D:9      | Found a staircase to the Lair.
 15937 | D:9      | Reached **** piety under Okawaru
 16014 | D:9      | Reached skill level 11 in Polearms
 16596 | D:9      | Found a staircase to the Lair.
 17241 | D:10     | Entered Level 10 of the Dungeon
 17389 | D:10     | Noticed a two-headed ogre
 17603 | D:9      | HP: 2/81 [something/vampiric draining (15)]
 17795 | D:9      | HP: 1/81 [vampire/vampiric draining (18)]
 17812 | D:9      | HP: 4/81 [something (7)]
 17815 | D:8      | Slain by a vampire

Vault maps used:
D:1:      onia_arrival_mini_maze, minivault_4, minivault_25
D:2:      uniq_terence
D:3:      lemuel_doored_altar, first_bread
D:4:      minmay_crystal_water, tso_metal_star, uniq_natasha
D:5:      lemuel_zombie_altar_yredelemnul, minmay_temple_entry_grid, uniq_ijyb,
          uniq_blork_the_orc, uniq_crazy_yiuf_cottage
D:6:      kennysheep_little_box, gammafunk_temple_overflow_wave, basic_altar,
          uniq_edmund
D:7:      nicolae_whirlpool, nicolae_overflow_crystal_walls,
          nicolae_ossuary_entry_monument, grunt_dithmenos_smoke, uniq_joseph,
          uniq_prince_ribbit1
D:8:      uniq_erica
D:9:      lair_entry_dummy
Temple:   nicolae_temple_elliptical
Ossuary:  ossuary_due_small_catacomb

Skill      XL: |  1  2  3  4  5  6  7  8  9 10 11 |
---------------+----------------------------------+-----
Polearms       | 1 2 3 4 7 8 11 | 11.5
Charms         | 3 4 6 |  6.1
Hexes          | 2 4 8 |  8.1
Spellcasting   | 2 |  2.1
Fighting       | 5 |  5.0
Stealth        | 6 |  6.0
Necromancy     | 2 |  2.0
Throwing       | |  2.0
Dodging        | |  2.0
Translocations | |  2.0

Action                   |  1- 3 |  4- 6 |  7- 9 | 10-12 || total
-------------------------+-------+-------+-------+-------++-------
Melee: Spear             |    83 |   298 |   108 |       ||   489
       Trident           |       |       |   365 |   469 ||   834
       Headbutt          |       |       |    14 |    49 ||    63
 Cast: Spectral Weapon   |     1 |     3 |    19 |    15 ||    38
       Regeneration      |       |       |     5 |     4 ||     9
       Animate Skeleton  |       |       |       |     7 ||     7
Evoke: Wand              |       |       |       |    17 ||    17
  Use: Potion            |     1 |     3 |     2 |     4 ||    10
       Scroll            |       |     2 |    11 |     5 ||    18
 Stab: Sleeping          |     3 |     2 |     4 |    10 ||    19
       Distracted        |       |     1 |     3 |     4 ||     8
  Eat: Chunk             |     2 |    12 |    22 |    19 ||    55
       Fruit             |       |       |     5 |     6 ||    11
       Bread ration      |       |       |       |     3 ||     3
Armor: Robe              |     7 |    53 |       |       ||    60
       Skin              |       |    15 |       |       ||    15
       Leather armour    |       |     5 |    87 |    16 ||   108
       Troll leather arm |       |       |       |    71 ||    71
Dodge: Dodged            |    35 |   113 |   173 |   183 ||   504

Table legend:
 A = Spawn XP
 B = Non-spawn XP
 C = Spawn XP percentage of total XP
 D = Spawn monster count
 E = Non-spawn monster count
 F = Spawn count percentage of total count
 G = Total turns spent on level
                    A         B        C        D         E        F      G
               +---------+---------+-------+---------+---------+-------+---------
         Total |    1718 |   10911 |  13.6 |      55 |     236 |  18.9 | 17815
               +---------+---------+-------+---------+---------+-------+---------
           D:1 |       5 |      20 |  20.0 |       4 |      11 |  26.7 |  1415
           D:2 |      14 |     146 |   8.8 |       9 |      22 |  29.0 |  1902
           D:3 |      12 |     161 |   6.9 |       6 |      27 |  18.2 |  1337
           D:4 |       4 |     364 |   1.1 |       2 |      17 |  10.5 |  1970
           D:5 |     100 |     678 |  12.9 |       8 |      21 |  27.6 |  2478
           D:6 |     129 |     784 |  14.1 |       2 |      33 |   5.7 |  1500
           D:7 |     767 |    2361 |  24.5 |      10 |      16 |  38.5 |  2175
           D:8 |     345 |    1898 |  15.4 |       8 |      20 |  28.6 |  1591
           D:9 |     342 |    4190 |   7.5 |       6 |      37 |  14.0 |  2759
          D:10 |       0 |      72 |   0.0 |       0 |       1 |   0.0 |    19
       Ossuary |       0 |     237 |   0.0 |       0 |      31 |   0.0 |   573
               +---------+---------+-------+---------+---------+-------+---------
